 Dungeon Crawl Stone Soup version 0.23.2-30-g0e89c35649 (webtiles) character file.

Game seed: 16341707564752208868

5903 teukkam the Fighter (level 10, -9/93 HPs)
             Began as a Minotaur Fighter on June 14, 2019.
             Was an Elder of Zin.
             Killed from afar by an orc (33 damage)
             ... with an exploding inner flame
             ... hexed by the player character
             ... on level 11 of the Dungeon.
             The game lasted 00:26:44 (7571 turns).

teukkam the Fighter (Minotaur Fighter)              Turns: 7571, Time: 00:26:44

Health: -9/93      AC:  6    Str: 23    XL:     10   Next: 53%
Magic:  9/9        EV: 13    Int:  5    God:    Zin [****..]
Gold:   347        SH: 10    Dex: 11    Spells: 9/9 levels left

rFire    . . .     SeeInvis .   a - +5 war axe (freeze)
rCold    + + .     Gourm    .   m - +3 buckler of Instinct {rC+}
rNeg     . . .     Faith    .   E - +1 leather armour {rC+}
rPois    +         Spirit   .   (helmet unavailable)
rElec    .         Reflect  +   (no cloak)
rCorr    .         Harm     .   F - +0 pair of gloves
MR       .....                  (no boots)
Stlth    ++........             G - +2 amulet of reflection
HPRegen  0.25/turn              h - ring of poison resistance
MPRegen  0.11/turn              g - ring of stealth

@: vulnerable
A: retaliatory headbutt, horns 3, repulsion field 1
a: Recite, Vitalisation, Imprison, Donate Gold, Renounce Religion


You were on level 11 of the Dungeon.
You worshipped Zin.
Zin was greatly pleased with you.
You were not hungry.

You visited 2 branches of the dungeon, and saw 11 of its levels.
You also visited: Sewer.

You collected 385 gold pieces.
You donated 38 gold pieces to Zin.

Inventory:

Hand Weapons
 a - a +5 war axe of freezing (weapon)
 b - a +0 hunting sling
 d - a +1 long sword of freezing
 u - a +3 short sword
 x - a +0 whip of holy wrath
 C - a +0 blowgun
 I - a +1 short sword of holy wrath
Missiles
 j - 5 curare-tipped needles
 k - 52 sling bullets
 n - 67 poisoned needles
 o - 179 stones (quivered)
 A - 9 tomahawks
Armour
 m - the +3 buckler of Instinct (worn) {rC+}
   (You found it on level 8 of the Dungeon)

   It protects you from cold.
 E - a +1 leather armour of cold resistance (worn)
 F - a +0 pair of gloves (worn)
Jewellery
 g - a ring of stealth (right hand)
 h - a ring of poison resistance (left hand)
 B - an uncursed ring of magical power
 G - a +2 amulet of reflection (around neck)
 J - a +2 ring of strength {unknown}
Wands
 l - a wand of iceblast (8)
Scrolls
 i - a scroll of vulnerability
 v - a scroll of remove curse
 w - a scroll of immolation
 y - 4 scrolls of magic mapping
 z - 4 scrolls of teleportation {unknown}
 D - 4 scrolls of identify {unknown}
 H - 3 scrolls of enchant weapon {unknown}
Potions
 c - a potion of degeneration {unknown}
 e - 3 potions of flight
 p - a potion of brilliance {unknown}
 q - 9 potions of curing
 r - 3 potions of agility {unknown}
 s - 4 potions of heal wounds
 t - 3 potions of lignification {unknown}
Comestibles
 f - 12 rations


   Skills:
 + Level 10.2 Fighting
 + Level 6.1 Short Blades
 - Level 7.2 Axes
 + Level 7.7(7.9) Slings
 - Level 2.2(5.0) Throwing
 - Level 7.8 Armour
 - Level 7.8 Shields


You had 9 spell levels left.
You didn't know any spells.
Your spell library contained the following spells:

 Spells                   Type           Power        Failure   Level  Hunger
 Magic Dart               Conj           #...         52%         1    ##.....
 Searing Ray              Conj           #.....       65%         2    ###....
 Dazzling Spray           Conj/Hex       #.....       87%         3    ####...
 Force Lance              Conj/Tloc      #.......     99%         4    #####..
 Fulminant Prism          Conj/Hex       #.........   99%         4    #####..
 Iskenderun's Mystic Bla  Conj           #.......     99%         4    #####..


Dungeon Overview and Level Annotations

Branches:
Dungeon (11/15)            Temple (1/1) D:4
   Lair: D:8-11         Orc: D:9-12

Altars:
Ashenzari
Cheibriados
Dithmenos
Elyvilon
Fedhas
Gozag
Hepliaklqana
Kikubaaqudgha
Makhleb
Nemelex Xobeh
Okawaru
Qazlal
Ru
Sif Muna
Trog
Uskayaw
Vehumet
Wu Jian
Xom
Yredelemnul
Zin
The Shining One

Shops:
D:5 *

Annotations:
D:11 exclusion: ice statue


Innate Abilities, Weirdness & Mutations

You reflexively headbutt those who attack you in melee.
You have a pair of large horns on your head.
You are surrounded by a mild repulsion field. (EV +2)


Message History

The orc wizard points at you and mumbles some strange words.
The magic dart hits you!
The hobgoblin skeleton barely misses you.
The worker ant misses you.
As you read the scroll labeled LAWKOO ATU EROUMOX, it crumbles to dust.
Magic quickly surges around you.
It was a scroll of vulnerability.
You block the orc's attack.
The hobgoblin skeleton closely misses you.
You furiously retaliate!
You headbutt the hobgoblin skeleton!
The hobgoblin skeleton explodes!
The fiery explosion engulfs the worker ant!!
The worker ant explodes!
The fiery explosion engulfs you!!
The fiery explosion engulfs the orc!!
The orc explodes!
The fiery explosion engulfs the orc wizard!!
The orc wizard explodes!
The fiery explosion engulfs you!!
* * * LOW HITPOINT WARNING * * *
The fiery explosion engulfs you!!
You die...

.o........ #........
#....... #......# .
#......###+######+#.
#.o...##..........#
#######§§§..##........[.#
.......§§§§..†..........#
.......§@§Z..†..........#
#.....§§§§............##
#.....###§§.##.........##
..... ##..##....##..<..
.... ##.####+###..... 8..
##.# ........ .. .#
........## } Z# ........#
.........


You could see an orc wizard (inner flame) and an ogre zombie (inner flame).

Vanquished Creatures
  A troll (D:10)
  The ghost of Sassenached the Slasher, an amateur DsAK of Lugonu (D:4)
  Grinder (D:4)
  Prince Ribbit (D:8)
  3 hippogriffs
  Sigmund (D:2)
  A wraith (D:11)
  5 humans (D:10)
  2 water moccasins
  3 orc warriors
  2 black bears
  An ice beast (D:7)
  A phantom (D:4)
  6 ogres
  3 necrophages
  2 centaurs
  3 big kobolds (Sewer)
  5 bullfrogs
  A scorpion (D:4)
  3 wights (D:7)
  3 howler monkeys (D:11)
  3 crimson imps
  2 bullfrog zombies
  3 hounds
  3 jellies
  A centaur skeleton (D:7)
  7 orc wizards
  2 iguanas
  An orc priest (D:8)
  Jessica (D:2)
  4 worker ants
  2 hound skeletons (D:7)
  12 adders
  An adder zombie (D:8)
  An adder skeleton (D:6)
  2 worms (D:3)
  A dart slug (D:2)
  2 leopard geckos
  25 orcs
  5 giant cockroaches
  5 goblins
  9 hobgoblins
  8 jackals
  4 quokkas
  3 ball pythons
  11 bats
  8 frilled lizards
  16 kobolds
  A leopard gecko skeleton (D:4)
  10 rats
  A plant (Sewer)
203 creatures vanquished.

Notes
Turn   | Place    | Note
-------+----------+-------------------------------------------
     0 | D:1      | teukkam the Minotaur Fighter began the quest for the Orb.
     0 | D:1      | Reached XP level 1. HP: 19/19 MP: 0/0
   236 | D:2      | Noticed Sigmund
   457 | D:1      | Reached XP level 2. HP: 27/27 MP: 1/1
   904 | D:2      | Reached skill level 4 in Fighting
  1037 | D:3      | Reached XP level 3. HP: 26/33 MP: 2/2
  1041 | D:3      | Found a glowing drain.
  1050 | Sewer    | Entered a sewer
  1103 | Sewer    | Noticed a big kobold
  1109 | Sewer    | Killed a big kobold
  1109 | Sewer    | Reached XP level 4. HP: 32/41 MP: 3/3
  1194 | Sewer    | Noticed a big kobold
  1213 | Sewer    | Killed a big kobold
  1213 | Sewer    | Reached XP level 5. HP: 43/47 MP: 4/4
  1417 | Sewer    | Reached skill level 5 in Fighting
  1417 | Sewer    | Reached skill level 5 in Armour
  1417 | Sewer    | Reached skill level 5 in Shields
  1417 | Sewer    | Reached XP level 6. HP: 54/56 MP: 5/5
  1582 | D:4      | Reached skill level 1 in Throwing
  1615 | D:4      | Noticed Grinder
  1616 | D:4      | Found a white marble altar of Elyvilon.
  1623 | D:4      | Killed Grinder
  1648 | D:4      | Found a staircase to the Ecumenical Temple.
  1654 | D:4      | Reached XP level 7. HP: 43/62 MP: 6/6
  1660 | Temple   | Entered the Ecumenical Temple
  1833 | Temple   | Became a worshipper of Zin the Law-Giver
  2035 | D:3      | Reached skill level 5 in Axes
  2105 | D:2      | Noticed Jessica
  2474 | D:3      | Reached * piety under Zin
  2700 | D:4      | Found a stormy altar of Qazlal.
  2846 | D:4      | Found a large runed translucent door.
  2847 | D:4      | Found a large runed translucent door.
  2849 | D:4      | Noticed Sassenached's ghost (amateur DsAK)
  2909 | D:4      | Reached skill level 6 in Fighting
  2909 | D:4      | Reached skill level 1 in Slings
  3118 | D:2      | Killed Jessica
  3138 | D:2      | Gained mutation: You are surrounded by a mild repulsion
                  | field. (EV +2) [potion of mutation]
  3138 | D:2      | Gained mutation: You have a pair of large horns on your
                  | head. [potion of mutation]
  3150 | D:2      | Killed Sigmund
  3150 | D:2      | Reached XP level 8. HP: 55/70 MP: 7/7
  3683 | D:2      | Reached ** piety under Zin
  3817 | D:2      | Found a sparkling altar of Nemelex Xobeh.
  4183 | D:5      | Entered Level 5 of the Dungeon
  4410 | D:5      | Found Fihicw's Assorted Antiques.
  4446 | D:5      | Reached *** piety under Zin
  5568 | D:4      | Killed Sassenached's ghost
  5568 | D:4      | Reached skill level 7 in Fighting
  5759 | D:7      | Found a burning altar of Makhleb.
  5831 | D:7      | Reached XP level 9. HP: 77/77 MP: 8/8
  6038 | D:7      | Reached **** piety under Zin
  6192 | D:7      | Reached skill level 1 in Short Blades
  6212 | D:7      | Reached skill level 8 in Fighting
  6487 | D:7      | Found a blossoming altar of Fedhas.
  6495 | D:7      | Found a shattered altar of Ashenzari.
  6495 | D:7      | Found a glowing golden altar of the Shining One.
  6495 | D:7      | Found a bloodstained altar of Trog.
  6504 | D:7      | Found a deep blue altar of Sif Muna.
  6506 | D:7      | Found a shimmering altar of Xom.
  6590 | D:7      | Reached skill level 5 in Slings
  6836 | D:6      | Noticed a four-headed hydra
  6836 | D:6      | Noticed a manticore
  6836 | D:6      | Noticed a deep elf mage
  6866 | D:8      | Noticed Prince Ribbit
  6873 | D:8      | Killed Prince Ribbit
  6876 | D:8      | Reached skill level 9 in Fighting
  6942 | D:8      | Got a bloodstained buckler
  6959 | D:8      | Identified the +3 buckler of Instinct {rC+} (You found it
                  | on level 8 of the Dungeon)
  7002 | D:8      | You fall through a shaft for 2 floors!
  7002 | D:10     | Entered Level 10 of the Dungeon
  7014 | D:10     | Noticed a troll
  7036 | D:10     | Killed a troll
  7036 | D:10     | Reached XP level 10. HP: 81/91 MP: 9/9
  7206 | D:10     | Reached skill level 5 in Short Blades
  7498 | D:10     | Reached skill level 10 in Fighting
  7526 | D:10     | Noticed a two-headed ogre
  7568 | D:11     | Noticed an ice statue
  7571 | D:11     | Killed from afar by an orc

Skill      XL: |  1  2  3  4  5  6  7  8  9 10 |
---------------+-------------------------------+-----
Armour         | 4 5 6 7 |  7.8
Fighting       | 4 5 6 7 9 10 | 10.2
Shields        | 4 5 6 7 |  7.8
Axes           | 3 4 5 6 7 |  7.2
Throwing       | 2 |  2.2
Slings         | 1 4 6 7 |  7.7
Short Blades   | 4 6 |  6.1

Action                   |  1- 3 |  4- 6 |  7- 9 | 10-12 || total
-------------------------+-------+-------+-------+-------++-------
Melee: War axe           |    48 |    71 |   300 |    49 ||   468
       Headbutt          |    10 |    12 |    55 |     9 ||    86
       Whip              |       |     2 |    15 |       ||    17
 Fire: Blowgun           |       |    22 |       |       ||    22
       Hunting sling     |       |       |    58 |    19 ||    77
Invok: Recite            |       |       |    11 |     4 ||    15
  Use: Scroll            |     1 |     1 |     5 |     2 ||     9
       Potion            |       |     1 |     7 |       ||     8
 Stab: Invisible         |       |       |     2 |       ||     2
       Confused          |       |       |     2 |       ||     2
  Eat: Chunk             |     1 |     1 |     8 |     1 ||    11
       Ration            |       |       |     3 |       ||     3
Armor: Scale mail        |    26 |    23 |    13 |       ||    62
       Chain mail        |       |       |    45 |       ||    45
       Leather armour    |       |       |    45 |     7 ||    52
Dodge: Dodged            |    18 |     9 |   102 |    21 ||   150
Block: Shield            |    32 |    38 |   162 |       ||   232
       Buckler           |       |       |    13 |    23 ||    36
       Reflection        |       |       |     5 |       ||     5
